 Dungeon Crawl Stone Soup version 0.14.0-9-g9c5475a (webtiles) character file.

95 Qrupt the Grave Robber (level 3, 0/28 HPs)
             Began as a Tengu Necromancer on Apr 14, 2014.
             Slain by a gnoll (2 damage)
             ... on Level 2 of the Dungeon.
             The game lasted 00:06:08 (1716 turns).

Qrupt the Grave Robber (Tengu Necromancer)          Turns: 1716, Time: 00:06:08

HP   0/28        AC 21     Str  8      XL: 3   Next: 43%
MP   1/7         EV  1     Int 16      God:
Gold 57          SH  0     Dex 14      Spells:  3 memorised,  2 levels left

rFire  . . .     SeeInvis .     (no weapon)
rCold  . . .     Clarity  .     a - melded +0 robe
rNeg   + + +     Conserve .     (no shield)
rPois  +         rCorr    .     (helmet restricted)
rElec  .         rRot     .     (cloak currently unavailable)
SustAb . .       Spirit   .     (gloves currently unavailable)
rMut   .         Warding  .     (boots unavailable)
Saprov . . .     NoTele   +     (no amulet)
MR     .....                    (no ring)
                                (no ring)

@: tree-form, not resistant to hostile enchantments, stealthy
A: (beak), (talons 0)
a: no special abilities


You were on level 2 of the Dungeon.
You were not hungry.
You were an animated tree.
You visited 1 branch of the dungeon, and saw 2 of its levels.

You collected 57 gold pieces.

Inventory:

Armour
 a - a +0 robe (melded)
Comestibles
 c - a bread ration
 o - a meat ration
Scrolls
 e - a scroll of amnesia {unknown}
 f - a scroll of magic mapping {unknown}
 g - a scroll of remove curse {unknown}
 h - 3 scrolls of identify {unknown}
 m - a scroll of teleportation {unknown}
 p - a scroll of enchant weapon I {unknown}
Jewellery
 i - an uncursed ring of protection from cold {unknown}
Potions
 d - a potion of restore abilities
 k - a potion of curing {unknown}
 l - a potion of agility {unknown}
 q - a potion of brilliance {unknown}
Books
 b - a book of Necromancy

   Spells                             Type                      Level
   *Pain                              Necromancy                   1
   *Animate Skeleton                  Necromancy                   1
   Lethal Infusion                    Charms/Necromancy            2
   *Vampiric Draining                 Necromancy                   3
   Regeneration                       Charms/Necromancy            3
   Animate Dead                       Necromancy                   4
   Control Undead                     Necromancy                   4


   Skills:
 - Level 2.1 Dodging
 - Level 2.0 Stealth
 + Level 2.7 Spellcasting
 + Level 5.1 Necromancy


You had 2 spell levels left.
You knew the following spells:

 Your Spells              Type           Power        Failure   Level  Hunger
a - Pain                  Necr           ###.         2%          1    N/A
b - Animate Skeleton      Necr           N/A          2%          1    N/A
c - Vampiric Draining     Necr           ###.......   10%         3    N/A

Dungeon Overview and Level Annotations

Branches:
Dungeon (2/15)

Altars:


Innate Abilities, Weirdness & Mutations

((You have a beak for a mouth.))*
((You have claws for feet.))*


Message History

The gnoll convulses in agony!
The gnoll hits you but does no damage.
Casting: Pain
Confirm with . or Enter, or press ? or * to list all spells.
Aiming: Pain
Press: ? - help, Shift-Dir - straight line, f/p - gnoll
Aim: a gnoll, wielding a club (heavily wounded)
The gnoll barely resists.
The gnoll hits you with a club.
* * * LOW HITPOINT WARNING * * *
The gnoll hits you.
* * * LOW HITPOINT WARNING * * *
Drink which item? (? for menu, Esc to quit)
You feel refreshed.
It was a potion of restore abilities.
The gnoll barely misses you. The gnoll closely misses you.
Drink which item? (? for menu, Esc to quit)
You turn into an animated tree.
Your +0 robe melds into your body.
Your roots penetrate the ground.
It was a potion of lignification.
The gnoll hits you but does no damage. x2
There are monsters nearby!
The gnoll hits you.
You die...

#..[######.#####
#.....>.##.# ####
#.......##.#
#...####..........
#..... #..######.#
#.....##..######.##
#.....<............
####$.g####..######.##
.......g♣g).........#
#........##.#####...
............
.......###.. ####...
#..? #... #.## #.##
#.# #. .


You could see 3 gnolls.

Vanquished Creatures
  A gnoll (D:2)
  An ooze (D:1)
  A ball python (D:1)
  3 bats (D:1)
  A giant cockroach (D:1)
  2 hobgoblins (D:1)
  2 jackals (D:1)
  A giant newt (D:1)
  3 goblins (D:1)
  8 kobolds (D:1)
  2 rats (D:1)
25 creatures vanquished.

Notes
Turn   | Place    | Note
--------------------------------------------------------------
     0 | D:1      | Qrupt, the Tengu Necromancer, began the quest for the Orb.
     0 | D:1      | Reached XP level 1. HP: 10/10 MP: 3/3
   561 | D:1      | Reached XP level 2. HP: 12/15 MP: 3/5
  1419 | D:1      | Reached skill level 5 in Necromancy
  1419 | D:1      | Reached XP level 3. HP: 17/19 MP: 4/7
  1694 | D:1      | Learned a level 1 spell: Animate Skeleton
  1698 | D:1      | Learned a level 3 spell: Vampiric Draining
  1716 | D:2      | Slain by a gnoll

Action                   || total
-------------------------++-------
Melee: Unarmed           ||     5
 Cast: Pain              ||    49
  Use: Potion            ||     2
